 Dungeon Crawl Stone Soup version 0.27.1-34-g3ba077fa99 (webtiles) character file.

Game seed: 16306519576780916401

40 Descartes the Grasshopper (level 3, 0/16 HPs)
             Began as a Felid Warper on Jan 21, 2022.
             Slain by a gnoll (9 damage)
             ... on level 2 of the Dungeon.
             The game lasted 00:05:28 (4188 turns).

Descartes the Grasshopper (Felid Warper)            Turns: 4188, Time: 00:05:28

Health: 0/16       AC:  1    Str:  8    XL:     3   Next: 30%
Magic:  7/7        EV: 18    Int: 14    God:
Gold:   84         SH:  0    Dex: 15    Spells: 6/6 levels left
                                        Lives:  0   Deaths: 1

rFire    . . .     SeeInvis +     - Unarmed
rCold    . . .     Faith    .   (shield unavailable)
rNeg     . . .     Spirit   .   (armour unavailable)
rPois    .         Reflect  .   (helmet unavailable)
rElec    .         Harm     .   (cloak unavailable)
rCorr    .         Rampage  .   (gloves unavailable)
Will     .....                  (boots unavailable)
Stlth    ++........             (no amulet)
HPRegen  0.05/turn              (no ring)
MPRegen  0.10/turn              (no ring)

@: quick
A: very small, claws 1, fangs 3, see invisible, speed 1, shaggy fur 1, stealthy
paws, no weapons or thrown items, no armour, multi-lived
a: no special abilities


You were on level 2 of the Dungeon.
You visited 1 branch of the dungeon, and saw 3 of its levels.

You collected 84 gold pieces.

Inventory:

Scrolls
 a - a scroll of blinking
 b - a scroll of immolation {unknown}
 d - a scroll of silence {unknown}
 h - a scroll of teleportation {unknown}
 i - 2 scrolls of identify {unknown}
 k - a scroll of noise {unknown}
Potions
 c - a potion of lignification
 e - 2 potions of attraction {unknown}
 f - 2 potions of flight
 g - a potion of degeneration {unknown}
 j - 2 potions of curing {unknown}


   Skills:
 - Level 2.0 Fighting
 + Level 4.2 Dodging
 + Level 2.6 Stealth
 + Level 2.8 Unarmed Combat
 - Level 2.0 Spellcasting
 + Level 5.3 Translocations


You had 6 spell levels left.
You didn't know any spells.
Your spell library contained the following spells:

 Spells                   Type           Power      Damage    Failure   Level
 Blink                    Tloc           N/A        N/A       4%          2
 Gell's Gravitas          Tloc           8%         N/A       8%          3
 Lesser Beckoning         Tloc           8%         N/A       8%          3
 Teleport Other           Tloc           16%        N/A       8%          3
 Manifold Assault         Tloc           16%        N/A       58%         5


Dungeon Overview and Level Annotations

Branches:
Dungeon (3/15)

Altars:

Shops:
D:1 =


Innate Abilities, Weirdness & Mutations

You have sharp claws.
You have razor-sharp teeth.
You have supernaturally acute eyesight. (SInv)
You cover ground quickly. (Speed+)
You are covered in fur. (AC +1)
Your paws help you pounce on unaware monsters.
You are incapable of wielding weapons or throwing items.
You cannot wear armour.
You gain extra lives every three experience levels.


Message History

HP restored.
Partly explored, can't reach some places.
There is an escape hatch in the floor here.
You slide downwards.
The hatch slams shut behind you.
There is a stone staircase leading down here.
The gnoll shouts!
You closely miss the gnoll. The gnoll closely misses you.
You barely miss the gnoll. Your bite misses the gnoll.
The gnoll hits you with a +0 whip.
You scratch the gnoll.
The gnoll is moderately wounded.
The gnoll barely misses you.
You closely miss the gnoll.
The gnoll is moderately wounded.
The gnoll misses you.
You scratch the gnoll but do no damage.
The gnoll is moderately wounded.
The gnoll completely misses you.
You scratch the gnoll but do no damage.
The gnoll is moderately wounded.
The gnoll misses you.
You scratch the gnoll but do no damage.
The gnoll is moderately wounded.
The gnoll closely misses you.
You barely miss the gnoll.
The gnoll is moderately wounded.
You scratch the gnoll but do no damage.
The gnoll is moderately wounded.
The gnoll hits you with a +0 whip.
You closely miss the gnoll. Your bite misses the gnoll.
The gnoll is moderately wounded.
The gnoll hits you with a +0 whip.
You scratch the gnoll but do no damage.
The gnoll is moderately wounded.
The gnoll closely misses you.
You scratch the gnoll.
The gnoll is heavily wounded.
The gnoll hits you with a +0 whip!
Ouch! That really hurt!
You die...

#############
=.......g...#
........###.#
.##.###.# #.#
.##.....# #.#
.##.##..# #.#
....##..###.######
#.####...........#
..####...##.####@#
............# #g#
.####..>..### #.#
.####.....# #.#
.........## #.#
######.### #.#
.......# #.#
######.# #.#
###.### #<#


You could see a gnoll.

Vanquished Creatures
  3 adders
  3 dart slugs
  3 ball pythons
  2 bats (D:1)
  An endoplasm (D:2)
  4 giant cockroaches
  2 goblins (D:3)
  4 hobgoblins
  9 jackals
  2 quokkas (D:3)
  A frilled lizard (D:2)
  7 kobolds
  7 rats
48 creatures vanquished.

Notes
Turn   | Place    | Note
-------+----------+-------------------------------------------
     0 | D:1      | Descartes the Felid Warper began the quest for the Orb.
     0 | D:1      | Reached XP level 1. HP: 9/9 MP: 4/4
   157 | D:1      | Found Voaciump's Jewellery Shoppe.
   255 | D:1      | Reached skill level 1 in Stealth
   258 | D:1      | Reached XP level 2. HP: 13/13 MP: 6/6
  1523 | D:2      | Found a faded altar of an unknown god.
  1692 | D:2      | Reached XP level 3. HP: 16/16 MP: 7/7
  1827 | D:2      | Reached skill level 5 in Translocations
  2811 | D:3      | Reached XP level 4. HP: 15/19 MP: 8/8
  3352 | D:3      | Succumbed to an adder's poison
  3353 | D:3      | Reached XP level 3. HP: 0/24 MP: 7/7
  4188 | D:2      | Slain by a gnoll

Illustrated notes

Levels and vault maps discovered:
D:1:      dpeg_arrival_renting, layout_basic, serial_shops, shop, serial_forest,
          infiniplex_forest_end_2, infiniplex_forest_clump_cross,
          infiniplex_forest_clump_C, infiniplex_forest_lined_room_2,
          infiniplex_forest_diagonal, infiniplex_forest_straight_2
D:2:      layout_loops_ring, basic_ecumenical_altar
D:3:      layout_loops_ring, grunt_ministairs_6

Skill      XL: |  1  2  3 |
---------------+----------+-----
Stealth        | 1 2 |  2.6
Translocations | 5 |  5.3
Dodging        | 4 |  4.2
Fighting       | |  2.0
Unarmed Combat | |  2.8
Spellcasting   | |  2.0

Action                   |  1- 3 |  4- 6 || total
-------------------------+-------+-------++-------
Melee: Unarmed           |   177 |    30 ||   207
       Bite              |    12 |     1 ||    13
       Punch             |     1 |       ||     1
  Use: Potion            |       |     2 ||     2
 Stab: Sleeping          |    10 |     1 ||    11
       Distracted        |     1 |       ||     1
Armor: Skin              |     6 |     2 ||     8
Dodge: Dodged            |   167 |    36 ||   203
